 Dungeon Crawl Stone Soup version 0.22.0-25-g7663229ff0 (webtiles) character file.

122 Kirk the Chopper (level 4, -6/34 HPs)
             Began as a Demonspawn Gladiator on Aug 20, 2018.
             Killed from afar by a white imp (8 damage)
             ... with a puff of frost
             ... summoned by Natasha
             ... on level 2 of the Dungeon.
             The game lasted 00:02:43 (1604 turns).

Kirk the Chopper (Demonspawn Gladiator)             Turns: 1604, Time: 00:02:43

Health: -6/34      AC: 12    Str: 16    XL:     4   Next: 78%
Magic:  4/4        EV: 10    Int:  9    God:
Gold:   144        SH:  0    Dex: 14    Spells: 3/3 levels left

rFire    . . .     SeeInvis .   a - +0 war axe
rCold    . . .     Gourm    .   (no shield)
rNeg     . . .     Faith    .   n - +0 scale mail
rPois    .         Spirit   .   g - +2 hat
rElec    .         Reflect  .   (no cloak)
rCorr    .         Harm     .   (no gloves)
MR       .....                  (no boots)
Stlth    +.........             (no amulet)
HPRegen  0.11/turn              h - +2 ring of protection
MPRegen  0.09/turn              (no ring)

@: slowed, very slow
A: icy blue scales 1, nightstalker 1
a: no special abilities


You were on level 2 of the Dungeon.
You were not hungry.

You visited 1 branch of the dungeon, and saw 3 of its levels.

You collected 144 gold pieces.

Inventory:

Hand Weapons
 a - a +0 war axe (weapon)
Missiles
 d - 4 throwing nets (quivered)
Armour
 c - a +0 helmet
 g - a +2 hat (worn)
 n - a +0 scale mail (worn)
Jewellery
 h - a +2 ring of protection (left hand)
Wands
 p - a wand of digging (12)
Scrolls
 i - 2 scrolls of teleportation
 k - a scroll of identify {unknown}
 o - a scroll of fog {unknown}
Potions
 b - a potion of heal wounds
 e - 2 potions of brilliance {unknown}
 j - a potion of curing
 l - a potion of flight {unknown}
 m - a potion of invisibility {unknown}
 q - a potion of degeneration {unknown}
 s - a potion of agility {unknown}
Comestibles
 f - 4 rations
 r - a chunk of flesh


   Skills:
 + Level 2.5 Fighting
 * Level 4.5 Axes
 - Level 1.7 Throwing
 + Level 1.2 Armour
 - Level 2.6 Dodging


You had 3 spell levels left.
You didn't know any spells.
Your spell library was empty.

Dungeon Overview and Level Annotations

Branches:
Dungeon (3/15)

Altars:
Qazlal

Annotations:
D:2 Natasha


Innate Abilities, Weirdness & Mutations

You are partially covered in icy blue scales. (AC +2)
You are slightly more attuned to the shadows.


Message History

You hit the white imp but do no damage.
Natasha mumbles some strange words.
The white imp gestures at you. The puff of frost hits you!
* * * LOW HITPOINT WARNING * * *
Unknown command.
Unknown command.
You hit Natasha but do no damage.
Natasha is severely wounded.
You closely miss the white imp. Natasha misses you.
The white imp hits you but does no damage.
Unknown command.
You hit Natasha but do no damage.
Natasha is severely wounded.
You barely miss the white imp. Natasha barely misses you.
The white imp barely misses you. Natasha casts a spell at you.
You feel yourself slow down. The white imp gestures at you.
The puff of frost hits you!
You die...

#.##.#.# ##...#...
#......# #......##
####.### ##...####
#.# #..## # #.#
#..##### ######.##
#....... #.......#
##+##### #.####..#
##...## # #.# #@.#
##.....## #.#
##h5## ##.......##
#.#
#55..####.........#
#.#
#...(...'.........+
#.#
#...(####.........#
#.###.#(##
##.......##
#.......####
##.....##
#####......#
##.†.## #......#
##=##


You could see Natasha, a crimson imp and 2 white imps.

Vanquished Creatures
  Natasha (D:2)
  Robin (D:2)
  2 adders (D:2)
  A worm (D:2)
  2 dart slugs
  2 leopard geckos (D:1)
  3 giant cockroaches
  12 goblins
  8 hobgoblins
  8 jackals (D:2)
  5 kobolds
  5 bats
  2 frilled lizards (D:1)
  3 rats (D:2)
55 creatures vanquished.

Notes
Turn   | Place    | Note
-------+----------+-------------------------------------------
     0 | D:1      | Kirk the Demonspawn Gladiator began the quest for the Orb.
     0 | D:1      | Reached XP level 1. HP: 16/16 MP: 1/1
   398 | D:1      | Reached skill level 3 in Axes
   502 | D:1      | Gained mutation: You are partially covered in icy blue scales. (AC +2) [demonic ancestry]
   502 | D:1      | Reached XP level 2. HP: 22/22 MP: 2/2
   873 | D:2      | Noticed Robin
   879 | D:2      | Reached XP level 3. HP: 27/27 MP: 3/3
   883 | D:2      | Killed Robin
   887 | D:2      | Reached skill level 1 in Armour
  1025 | D:2      | Found a stormy altar of Qazlal.
  1098 | D:2      | Reached skill level 4 in Axes
  1205 | D:2      | Gained mutation: You are slightly more attuned to the shadows. [demonic ancestry]
  1205 | D:2      | Reached XP level 4. HP: 34/34 MP: 4/4
  1295 | D:2      | You fall through a shaft!
  1489 | D:2      | Noticed Natasha
  1493 | D:2      | Killed Natasha
  1592 | D:2      | Noticed Natasha
  1604 | D:2      | Killed from afar by a white imp

Skill      XL: |  1  2  3 |
---------------+----------+-----
Axes           | 3 4 |  4.5
Armour         | 1 |  1.2
Fighting       | |  2.5
Throwing       | |  1.7
Dodging        | |  2.6

Action                   |  1- 3 |  4- 6 || total
-------------------------+-------+-------++-------
Melee: War axe           |   114 |    54 ||   168
  Use: Potion            |     2 |       ||     2
       Scroll            |     2 |     2 ||     4
  Eat: Chunk             |     1 |     2 ||     3
Armor: Leather armour    |    45 |       ||    45
       Scale mail        |    42 |    35 ||    77
Dodge: Dodged            |    79 |    39 ||   118
